 Dungeon Crawl Stone Soup version 0.30.1-11-g7821555f0a (webtiles) character file.

Game seed: 1526027695501214190

144 ChrisAssaf the Magician (level 5, -1/37 HPs)
             Began as a Djinni Earth Elementalist on Jan 4, 2024.
             Was an Initiate of Cheibriados.
             Slain by an orc wizard
             ... wielding a +0 dagger
              (2 damage)
             ... on level 5 of the Dungeon.
             The game lasted 00:07:30 (1627 turns).

ChrisAssaf the Magician (Djinni Earth Elementalist) Turns: 1627, Time: 00:07:30

Health: -1/37      AC:  3    Str:  8    XL:     5   Next: 51%
Gold:   107        EV: 12    Int: 20    God:    Cheibriados [......] SH:  0 Dex: 14

rFire   + + .        d - +0 arbalest
rCold   x . .        (shield currently unavailable)
rNeg    . . .        a - +1 robe
rPois   ∞            (no helmet)
rElec   .            (no cloak)
rCorr   .            (no gloves)
SInv    .            (boots unavailable)
Will    .....        (no amulet)
Stlth   ++           (no ring)
HPRegen 0.26/turn    (no ring)
MPRegen 0.00/turn

%: infuse magic (-2 HP)
@: flying, very slow
A: sickness immunity, fire resistance 2, cold vulnerability 1, float, innate
caster, HP casting, extra vitality 1
a: Renounce Religion


You were on level 5 of the Dungeon.
You worshipped Cheibriados.
Cheibriados was noncommittal.
You visited 2 branches of the dungeon, and saw 6 of its levels.

You collected 107 gold pieces.

Inventory:

Hand Weapons
 d - a +0 arbalest (weapon)
Missiles
 f - a throwing net
Armour
 a - a +1 robe (worn)
Jewellery
 e - the ring "Sutsyot" {Will+ Stlth+}
   (You acquired it on level 5 of the Dungeon)

   [ring of willpower]

   Will:      It increases your willpower.
   Stlth:     It makes you more stealthy.
Scrolls
 b - 2 scrolls of amnesia
Potions
 c - a potion of degeneration
 g - a potion of flight


   Skills:
 * Level 1.2 Fighting
 * Level 2.0 Ranged Weapons
 * Level 1.1 Armour
 * Level 2.6 Dodging
 * Level 2.0 Stealth
 * Level 3.1 Spellcasting


You knew the following spells:

 Your Spells              Type           Power      Damage    Failure   Level
a - Sandblast             Erth           30%        2d9       3%          1
b - Passwall              Tmut/Erth      12%        N/A       6%          2
c - Stone Arrow           Conj/Erth      30%        3d8       12%         3
d - Petrify               Tmut/Erth      15%        N/A       36%         4
e - Necrotise             Necr           60%        1d7       3%          1
f - Momentum Strike       Conj/Tloc      30%        3d8       6%          2
Your spell library was empty.

Dungeon Overview and Level Annotations

Branches:
Dungeon (5/15)             Temple (1/1) D:5

Altars:
Ashenzari
Cheibriados
Dithmenos
Elyvilon
Fedhas
Gozag
Hepliaklqana
Makhleb
Okawaru
Qazlal
Ru
Trog
Uskayaw
Wu Jian
Xom
Yredelemnul
Zin
The Shining One


Innate Abilities, Weirdness & Mutations

You are immune to sickness and miasma.
You are immune to poison.
Your flesh is very heat resistant. (rF++)
You are vulnerable to cold. (rC-)
You float through the air rather than walking.
You learn spells naturally, not from books.
Your magical power is your life essence.
You have superior vitality. (+4 MHP)


Message History

Fire: d) +0 arbalest
Press: ? - help, Q - select action, (/) - cycle Shift-Dir - straight line, f/p - orc
Aim: an orc, wielding a +0 mace (52% to hit)
You shoot a bolt. The bolt closely misses the orc.
An orc wizard comes into view. It is wielding a +0 dagger.
This is a scroll of acquirement!
Something appears before you!
The orc wizard points at you and mumbles some strange words.
The magic dart hits you!
* * * LOW HITPOINT WARNING * * *
e - the ring "Sutsyot" {Will+ Stlth+}
Okay, then.
There is an open door here.
Okay, then.
Okay, then.
Fire: d) +0 arbalest
Press: ? - help, Q - select action, (/) - cycle Shift-Dir - straight line, f/p - orc
Aim: an orc, wielding a +0 mace (52% to hit)
You shoot a bolt. The bolt closely misses the orc.
The orc wizard shouts!
The bolt hits the orc wizard!
The orc wizard is almost dead.
You hear a shout!
The orc hits you with a +0 mace.
* * * LOW HITPOINT WARNING * * *
An orc comes into view. It is wielding a +0 club.
The orc completely misses you.
Fire: d) +0 arbalest
Press: ? - help, Q - select action, (/) - cycle Shift-Dir - straight line, f/p - orc
Aim: an orc, wielding a +0 mace (52% to hit)
You shoot a bolt. The bolt barely misses the orc.
The bolt hits the orc wizard.
The orc wizard is lightly wounded.
The orc hits you with a +0 mace.
* * * LOW HITPOINT WARNING * * *
Fire: d) +0 arbalest
Press: ? - help, Q - select action, (/) - cycle Shift-Dir - straight line, f/p - orc
Aim: an orc, wielding a +0 mace (52% to hit)
You shoot a bolt. The bolt closely misses the orc.
The orc wizard hits you with a +0 dagger.
You die...

......'....# .....?#....#
....#....# ........###?
###'#..o.......
............... #. #.#.#
#.###o#'### #.##o@o...#
#.##......# #. #..... #
#.##......## #.##.....
#.#.##......##.#.##.....
#.#.#.#.##.....###.#.##.....
.....................##.....
#.#####.############.##.....
..).........................
#+######.####...............


You could see 2 orc wizards and 2 orcs.

Vanquished Creatures
  An orc wizard (D:3)
  3 gnolls (D:5)
  4 adders
  A white imp (D:5)
  A dart slug (D:1)
  A worm (D:2)
  8 orcs
  A ball python (D:2)
  2 bats
  4 endoplasms
  A giant cockroach (D:2)
  3 goblins
  3 hobgoblins
  3 kobolds
  A rat (D:2)
37 creatures vanquished.

Notes
Turn   | Place    | Note
-------+----------+-------------------------------------------
     0 | D:1      | ChrisAssaf the Djinni Earth Elementalist began the quest
                  | for the Orb.
     0 | D:1      | ChrisAssaf set off with the following spells memorised:
                  | Sandblast, Passwall, Stone Arrow, Petrify.
     0 | D:1      | Reached XP level 1. HP: 15/15 MP: 0/0
    79 | D:1      | Reached XP level 2. HP: 21/21 MP: 0/0
   350 | D:2      | Reached XP level 3. HP: 26/26 MP: 0/0
   350 | D:2      | Learned a level 1 spell: Necrotise
   474 | D:3      | Reached skill level 1 in Ranged Weapons
   474 | D:3      | Reached skill level 3 in Spellcasting
   474 | D:3      | Reached XP level 4. HP: 24/31 MP: 0/0
   477 | D:3      | Reached skill level 1 in Fighting
   751 | D:5      | Entered Level 5 of the Dungeon
   845 | D:5      | Found a staircase to the Ecumenical Temple.
   850 | Temple   | Entered the Ecumenical Temple
  1083 | Temple   | Became a worshipper of Cheibriados the Contemplative
  1340 | D:5      | Reached XP level 5. HP: 30/37 MP: 0/0
  1340 | D:5      | Learned a level 2 spell: Momentum Strike
  1341 | D:5      | Reached skill level 1 in Armour
  1621 | D:5      | Identified a scroll of acquirement
  1621 | D:5      | Acquired the ring "Sutsyot" {Will+ Stlth+}
  1626 | D:5      | HP: 1/37 [orc/+0 mace (3)]
  1627 | D:5      | Slain by an orc wizard

Illustrated notes

Levels and vault maps discovered:
D:1:      amcnicky_arrival_flooded_fountain, layout_basic
D:2:      layout_basic
D:3:      layout_basic
D:4:      layout_basic
D:5:      layout_basic, temple_doors_cd
Temple:   mainiacjoe_temple_hex_bubbles

Skill      XL: |  1  2  3  4  5 |
---------------+----------------+-----
Ranged Weapons | 1 2 |  2.0
Spellcasting   | 3 |  3.1
Fighting       | 1 |  1.2
Stealth        | 2 |  2.0
Armour         | 1 |  1.1
Dodging        | |  2.6

Action                     |  1- 3 |  4- 6 || total
---------------------------+-------+-------++-------
   Fire: Arbalest          |    29 |    26 ||    55
   Cast: Sandblast         |    10 |       ||    10
         Stone Arrow       |     3 |     7 ||    10
         Necrotise         |       |     1 ||     1
         Momentum Strike   |       |     1 ||     1
    Use: Scroll            |     1 |     4 ||     5
 Armour: Robe              |     3 |       ||     3
  Dodge: Dodged            |     8 |     5 ||    13
